 Dungeon Crawl Stone Soup version 0.29.1-15-g9cfb28693d (webtiles) character file.

Game seed: 5542286924428706789

32 Mysteryquy the Ruffian (level 3, -4/31 HPs)
             Began as a Ghoul Monk on May 2, 2023.
             Slain by a gnoll
             ... wielding a +0 flail
              (10 damage)
             ... on level 1 of the Dungeon.
             The game lasted 00:01:18 (1316 turns).

Mysteryquy the Ruffian (Ghoul Monk)                 Turns: 1316, Time: 00:01:18

Health: -4/31      AC:  2    Str: 14    XL:     3   Next: 25%
Magic:  2/2        EV: 12    Int:  5    God:
Gold:   18         SH:  0    Dex: 13    Spells: 2/2 levels left

rFire   . . .      SeeInvis .     - Unarmed
rCold   + . .      Faith    .   (no shield)
rNeg    + + +      Spirit   .   a - +0 robe
rPois   ∞          Reflect  .   (no helmet)
rElec   .          Harm     .   (no cloak)
rCorr   .          Rampage  .   (no gloves)
Will    .....                   (no boots)
Stlth   ++........              (no amulet)
HPRegen 0.00/turn               (no ring)
MPRegen 0.08/turn               (no ring)

@: inhibited regen
A: claws 1, cold resistance 1, negative energy resistance 3, inhibited
regeneration, torment resistance 2, devour on kill
a: no special abilities


You were on level 1 of the Dungeon.
You visited 1 branch of the dungeon, and saw 2 of its levels.

You collected 48 gold pieces.
You spent 30 gold pieces at shops.

Inventory:

Armour
 a - a +0 robe (worn)
Scrolls
 c - a scroll of immolation {unknown}
 d - a scroll of amnesia {unknown}
 e - 2 scrolls of teleportation
 f - a scroll of identify {unknown}
Potions
 b - a potion of ambrosia
 g - a potion of degeneration {unknown}


   Skills:
 + Level 3.6 Fighting
 + Level 3.0 Dodging
 + Level 2.4 Stealth
 + Level 3.9 Unarmed Combat


You had 2 spell levels left.
You didn't know any spells.
Your spell library contained the following spells:

 Spells                   Type           Power      Damage    Failure   Level
 Summon Lightning Spire   Summ/Air       0%         N/A       99%         4
 Maxwell's Capacitive Co  Air            0%         ∞         100%        8
 Storm Form               Tmut/Air       Unusable   N/A       N/A         7

Dungeon Overview and Level Annotations

Branches:
Dungeon (2/15)

Altars:

Shops:
D:1 ?[!   D:2 [


Innate Abilities, Weirdness & Mutations

You are immune to poison.
You have sharp fingernails.
Your flesh is cold resistant. (rC+)
You are immune to negative energy. (rN+++)
You do not regenerate when monsters are visible.
You are immune to unholy pain and torment.
You thrive by killing the living.


Message History

Things that are here:
a +0 dagger; a stone; a kobold corpse You miss the frilled lizard.
The frilled lizard bites you.
You closely miss the frilled lizard. The frilled lizard bites you.
You scratch the frilled lizard.
You kill the frilled lizard!
No target in view!
HP restored.
There is an entrance to Fiw Kabb's Armour Shoppe here.
Things that are here:
a +0 dagger; a stone; a kobold corpse A gnoll comes into view.
It is wielding a +0 flail.
The gnoll shouts!
You hear a shout! x2
A gnoll comes into view. It is wielding a +0 flail.
A gnoll comes into view. It is wielding a +0 flail.
You barely miss the gnoll. The gnoll barely misses you.
The gnoll barely misses you. The gnoll attacks as you move away!
The gnoll barely misses you.
There is a stone staircase leading up here.
You climb upwards.
There is a stone staircase leading down here.
You scratch the gnoll but do no damage. The gnoll misses you.
You scratch the gnoll.
The gnoll is moderately wounded.
The gnoll hits you with a +0 flail.
You barely miss the gnoll.
The gnoll is moderately wounded.
The gnoll hits you with a +0 flail!
You claw the gnoll!
The gnoll is severely wounded.
The gnoll hits you with a +0 flail.
You scratch the gnoll.
The gnoll is almost dead.
The gnoll hits you with a +0 flail!
* * * LOW HITPOINT WARNING * * *
You barely miss the gnoll.
The gnoll is almost dead.
The gnoll hits you with a +0 flail!
You die...

#.#.# #...###
###.....#####
#####.'..........
##.....#..........
#..#####....#.....
#.## #....#.....
#g######....#.....
#@................
##################
###### #.....
#.#### #.# #.#
#.#### #.....


You could see a gnoll.

Vanquished Creatures
  A dart slug (D:1)
  2 ball pythons (D:1)
  3 endoplasms (D:1)
  3 giant cockroaches (D:1)
  A goblin (D:1)
  4 hobgoblins (D:1)
  4 jackals (D:1)
  A kobold (D:2)
  A quokka (D:1)
  2 bats
  A frilled lizard (D:2)
  A rat (D:1)
24 creatures vanquished.

Notes
Turn   | Place    | Note
-------+----------+-------------------------------------------
     0 | D:1      | Mysteryquy the Ghoul Monk began the quest for the Orb.
     0 | D:1      | Reached XP level 1. HP: 19/19 MP: 0/0
   106 | D:1      | Found a faded altar of an unknown god.
   119 | D:1      | Reached XP level 2. HP: 23/26 MP: 1/1
   180 | D:1      | Found Monlyv's Armour Shoppe.
   707 | D:1      | Found Seuzogul's Distillery.
   950 | D:1      | Reached XP level 3. HP: 24/31 MP: 2/2
  1055 | D:1      | Found Nautaats's Magic Scroll Boutique.
  1059 | D:1      | Bought a scroll of teleportation for 30 gold pieces
  1248 | D:2      | Found Fiw Kabb's Armour Shoppe.
  1316 | D:1      | Slain by a gnoll

Illustrated notes

Levels and vault maps discovered:
D:1:      amcnicky_arrival_choice, layout_basic,
          chequers_ecumenical_altar_simple, serial_shops, shop, shop,
          shop_fountains, kennysheep_another_room
D:2:      layout_rooms, serial_shops, shop, serial_co_window_serial,
          co_window_corner_a, co_window_corner_a, co_window_of_opportunity_a,
          co_window_of_opportunity_a, co_window_corner_a, co_window_corner_a,
          co_window_cross_4, co_window_paths_c, co_window_corner_ca,
          co_window_of_opportunity_b, co_window_corner_b, co_window_corner_b,
          glass_columns_b, glass_columns_a, basic_altar, uniq_robin

Skill      XL: |  1  2 |
---------------+-------+-----
Dodging        | 3 |  3.0
Fighting       | |  3.6
Stealth        | |  2.4
Unarmed Combat | |  3.9

Action                   || total
-------------------------++-------
Melee: Unarmed           ||    85
       Punch             ||     1
 Stab: Sleeping          ||     4
Armor: Robe              ||    13
Dodge: Dodged            ||    43
